 Dungeon Crawl Stone Soup version 0.31-a0-151-ge443d1f16c (webtiles) character file.

Game seed: 7780170148218192359

1670 qw the Skirmisher (level 9, -18/56 HPs)
             Began as a Gargoyle Hunter on June 8, 2023.
             Was an Initiate of Okawaru.
             Demolished by a two-headed ogre
             ... wielding a +0 giant spiked club
              (21 damage)
             ... on level 6 of the Dungeon.
             The game lasted 00:02:33 (5561 turns).

qw the Skirmisher (Gargoyle Hunter)                 Turns: 5561, Time: 00:02:33

Health: -18/56     AC: 13    Str: 14 (15) XL:     9   Next: 1%
Magic:  9/9        EV: 13    Int:  7 (10) God:    Okawaru [......]
Gold:   251        SH:  0    Dex: 17      Spells: 8/8 levels left

rFire   . . .        Y - +3 shortbow
rCold   + . .        (shield currently unavailable)
rNeg    + . .        g - +1 robe {Will+}
rPois   inf          (no helmet)
rElec   +            l - scarf {repulsion}
rCorr   .            e - +2 pair of gloves
SInv    .            c - +0 pair of boots
Will    +....        (no amulet)
Stlth   ++           b - ring of protection from cold
HPRegen 0.29/turn    (no ring)
MPRegen 0.11/turn

%: repel missiles
@: about to teleport
A: sickness immunity, AC +6, negative energy resistance 1, electricity
resistance, torment resistance 1, petrification resistance
a: Renounce Religion


You were on level 6 of the Dungeon.
You worshipped Okawaru.
Okawaru was noncommittal.
You visited 2 branches of the dungeon, and saw 7 of its levels.
You also visited: Ossuary.

You collected 251 gold pieces.


Innate Abilities, Weirdness & Mutations

You are immune to sickness and miasma.
Your stone body is resilient. (AC +6)
You are immune to poison.
You resist negative energy. (rN+)
You are resistant to electric shocks. (rElec)
You are resistant to unholy torment.
You are immune to petrification.


   Skills:
 - Level 6.7 Fighting
 - Level 10.0 Ranged Weapons
 - Level 1.0 Armour
 + Level 2.4 Dodging
 - Level 1.1 Stealth


You had 8 spell levels left.
You didn't know any spells.
Your spell library was empty.

Inventory:

Hand Weapons
 Y - a +3 shortbow (weapon)
Armour
 c - a +0 pair of boots (worn)
 d - a +0 ring mail
 e - a +2 pair of gloves (worn)
 g - a +1 robe of willpower (worn)
 l - a scarf of repulsion (worn)
Jewellery
 b - a ring of protection from cold (left hand)
Scrolls
 a - a scroll of identify
Potions
 f - a potion of mutation
 h - a potion of cancellation
 i - 4 potions of curing
 j - a potion of haste {unknown}

Dungeon Overview and Level Annotations

Branches:
Dungeon (6/15)             Temple (1/1) D:5         Ossuary (visited)

Altars:
Ashenzari
Cheibriados
Elyvilon
Fedhas
Gozag
Hepliaklqana
Makhleb
Okawaru
Qazlal
Ru
Sif Muna
Trog
Vehumet
The Shining One


Message History

You shoot an arrow. The arrow hits the ogre.
The ogre is severely wounded.
You shoot an arrow. The arrow hits the ogre.
The ogre is almost dead.
A two-headed ogre comes into view.
It is wielding a +0 giant spiked club and a +0 giant club.
The ogre hits you with a +0 giant club!
You shoot an arrow. The arrow barely misses the ogre.
You shoot an arrow. The arrow barely misses the ogre.
The ogre closely misses you.
You shoot an arrow. The arrow hits the ogre!
You kill the ogre!
Okawaru accepts your kill.
A centaur comes into view.
You feel your dexterity returning.
You have reached level 9!
Your experience leads to an increase in your attributes!
Your base attributes are Str 15, Int 10, Dex 15.
Increase (S)trength, (I)ntelligence, or (D)exterity?
You feel agile. x2
You shoot an arrow. The centaur shouts!
The arrow hits the two-headed ogre!
The two-headed ogre is lightly wounded.
You hear a shout!
The two-headed ogre closely misses you.
The two-headed ogre hits you with a +0 giant club!!
You shoot an arrow. The arrow hits the two-headed ogre!
The two-headed ogre is moderately wounded.
You shoot an arrow.
The arrow hits the two-headed ogre but does no damage.
The two-headed ogre is moderately wounded.
The two-headed ogre hits you with a +0 giant spiked club!!
The two-headed ogre barely misses you.
5560 ||| READING scroll of teleportation.
As you read the scroll of teleportation, it crumbles to dust.
You feel strangely unstable.
You shoot an arrow. The arrow hits the two-headed ogre!
The two-headed ogre is heavily wounded.
The two-headed ogre hits you with a +0 giant spiked club!!
You die...

...... .....
..(.## ....# ...#
.c# # .#
#######O#.#..##
#......@.......
#..............
####..............
.......<..........
#.#...............
..................
#.#..........>....
.........##.......
#.##...<.# ......


You could see a two-headed ogre and a centaur.

Vanquished Creatures
  A water moccasin (D:4)
  2 black bears
  An ogre (D:6)
  3 phantoms
  3 elf zombies (Ossuary)
  2 scorpions (D:5)
  4 centaur zombies (Ossuary)
  A gnoll bouda (D:3)
  5 human zombies (Ossuary)
  2 sleepcaps
  3 iguanas
  An orc wizard (D:3)
  3 mummies (Ossuary)
  6 gnolls
  10 adders
  A worm (D:2)
  A dart slug (D:5)
  15 orcs
  10 bats
  7 endoplasms
  3 giant cockroaches
  6 goblins
  8 hobgoblins
  4 jackals (D:1)
  11 kobolds
  4 quokkas
  3 ball pythons (D:3)
  5 frilled lizards
  9 rats
134 creatures vanquished.

Notes
Turn   | Place    | Note
-------+----------+-------------------------------------------
     0 | D:1      | qw the Gargoyle Hunter began the quest for the Orb.
     0 | D:1      | Reached XP level 1. HP: 12/12 MP: 1/1
     0 | D:1      | 0 ||| qw: Version: 0.2-a-120-gdf1a93b
     0 | D:1      | 0 ||| qw: Game counter: 3076
     0 | D:1      | 0 ||| qw: Always use a shield: true
     0 | D:1      | 0 ||| qw: God list: Okawaru
     0 | D:1      | 0 ||| qw: Allow faded altars: false
     0 | D:1      | 0 ||| qw: Do Orc after D:15 true
     0 | D:1      | 0 ||| qw: Do second Lair branch before Depths: true
     0 | D:1      | 0 ||| qw: Lair rune preference: random
     0 | D:1      | 0 ||| qw: Plans: Normal
     0 | D:1      | 0 ||| PLANNING D:1-11
    29 | D:1      | Reached XP level 2. HP: 17/17 MP: 2/2
   264 | D:1      | Reached XP level 3. HP: 21/21 MP: 3/3
   268 | D:1      | Reached skill level 5 in Ranged Weapons
   777 | D:1      | 777 ||| UPGRADING to +0 ring mail.
   787 | D:1      | 787 ||| DROPPING +0 leather armour.
   788 | D:1      | 788 ||| UPGRADING to +2 pair of gloves.
   793 | D:1      | 793 ||| DROPPING amulet of magic regeneration.
   794 | D:1      | 794 ||| READING 2 scrolls labelled DUPNUA WO KIPP.
   795 | D:1      | 795 ||| READING scroll labelled TIS VUEBLESA.
   796 | D:1      | 796 ||| DROPPING scroll of butterflies.
   911 | D:2      | Found a hazy altar of Hepliaklqana.
  1062 | D:2      | Reached skill level 1 in Armour
  1063 | D:2      | Reached XP level 4. HP: 27/27 MP: 4/4
  1184 | D:2      | Reached skill level 3 in Fighting
  1637 | D:2      | 1637 ||| UPGRADING to +0 pair of boots.
  1642 | D:2      | 1642 ||| UPGRADING to ring of protection from cold.
  1643 | D:2      | 1643 ||| DRINKING 2 fizzy yellow potions.
  1768 | D:3      | Reached XP level 5. HP: 27/32 MP: 5/5
  1851 | D:3      | Noticed a phantom
  1874 | D:3      | Killed a phantom
  1875 | D:3      | Reached skill level 6 in Ranged Weapons
  2255 | D:3      | Reached XP level 6. HP: 20/37 MP: 6/6
  2255 | D:3      | 2255 ||| DRINKING potion of curing.
  2255 | D:3      | 2255 ||| (to cure confusion)
  2442 | D:3      | 2442 ||| Stepping ~*~*~tactically~*~*~ (outnumbered).
  2444 | D:3      | 2444 ||| Stepping ~*~*~tactically~*~*~ (outnumbered).
  2446 | D:3      | 2446 ||| Stepping ~*~*~tactically~*~*~ (outnumbered).
  2468 | D:3      | 2468 ||| FLEEEEING.
  2469 | D:3      | 2469 ||| FLEEEEING.
  2470 | D:3      | 2470 ||| FLEEEEING.
  2471 | D:3      | 2471 ||| FLEEEEING.
  2472 | D:3      | 2472 ||| FLEEEEING.
  2473 | D:3      | 2473 ||| FLEEEEING.
  2474 | D:3      | 2474 ||| FLEEEEING.
  2475 | D:3      | 2475 ||| FLEEEEING.
  2476 | D:3      | 2476 ||| STAIRDANCE
  2494 | D:2      | 2494 ||| UPGRADING to scarf of repulsion.
  2499 | D:2      | 2499 ||| READING scroll labelled MAITAD LYCE.
  2528 | D:2      | 2528 ||| READING scroll labelled CAAKHIOMI.
  2529 | D:2      | 2529 ||| READING scroll labelled HOMAAQ GUSESA.
  2823 | D:3      | 2823 ||| UPGRADING to +1 robe of willpower.
  2833 | D:3      | 2833 ||| READING scroll labelled ISUWIH CAYDU.
  2834 | D:3      | 2834 ||| DRINKING 2 fuming puce potions.
  2879 | D:3      | 2879 ||| DROPPING potion of lignification.
  3133 | D:4      | Noticed a black bear
  3156 | D:4      | Killed a black bear
  3157 | D:4      | Reached skill level 7 in Ranged Weapons
  3157 | D:4      | Reached XP level 7. HP: 17/43 MP: 7/7
  3681 | D:4      | Reached skill level 8 in Ranged Weapons
  3998 | D:4      | 3998 ||| READING 2 scrolls of identify.
  3998 | D:4      | 3998 ||| IDENTIFYING bubbling pink potion
  3999 | D:4      | 3999 ||| DROPPING potion of berserk rage.
  4030 | D:5      | Entered Level 5 of the Dungeon
  4031 | D:5      | 4031 ||| PLANNING OSSUARY
  4033 | D:5      | Found a staircase to the Ecumenical Temple.
  4169 | D:5      | Reached XP level 8. HP: 32/49 MP: 8/8
  4474 | D:5      | Reached skill level 9 in Ranged Weapons
  4547 | D:5      | Found a sand-covered staircase.
  4548 | D:5      | 4548 ||| READING scroll labelled GENNAM GUSTRA.
  4549 | D:5      | 4549 ||| READING scroll labelled TYACUKAKHLO.
  4550 | D:5      | 4550 ||| READING 3 scrolls of identify.
  4550 | D:5      | 4550 ||| IDENTIFYING fuming clear potion
  4551 | D:5      | 4551 ||| READING 2 scrolls of identify.
  4551 | D:5      | 4551 ||| IDENTIFYING viscous white potion
  4557 | Ossuary  | Entered an ossuary
  4614 | Ossuary  | Reached skill level 6 in Fighting
  4823 | Ossuary  | Reached skill level 10 in Ranged Weapons
  4918 | Ossuary  | 4918 ||| READING 3 scrolls labelled LAYGHANAYCH.
  4919 | Ossuary  | 4919 ||| READING 3 scrolls labelled PAICOF GUYS.
  4920 | Ossuary  | 4920 ||| READING 2 scrolls of enchant weapon.
  4920 | Ossuary  | 4920 ||| ENCHANTING +1 shortbow.
  4921 | Ossuary  | 4921 ||| READING scroll of enchant weapon.
  4921 | Ossuary  | 4921 ||| ENCHANTING +2 shortbow.
  4922 | Ossuary  | 4922 ||| DRINKING 2 sapphire potions.
  4923 | Ossuary  | 4923 ||| DROPPING potion of degeneration.
  4924 | Ossuary  | 4924 ||| DROPPING 2 scrolls of vulnerability.
  4934 | D:5      | 4934 ||| PLANNING TEMPLE
  4960 | Temple   | Entered the Ecumenical Temple
  5125 | Temple   | 5125 ||| PLANNING OKAWARU WORSHIP
  5230 | Temple   | Became a worshipper of Warmaster Okawaru
  5230 | Temple   | 5230 ||| PLANNING D:1-11
  5553 | D:6      | Noticed a two-headed ogre
  5557 | D:6      | Reached XP level 9. HP: 48/56 MP: 9/9
  5559 | D:6      | HP: 3/56 [two-headed ogre/+0 giant spiked club (22)]
  5560 | D:6      | 5560 ||| READING scroll of teleportation.
  5561 | D:6      | Demolished by a two-headed ogre

Levels and vault maps discovered:
D:1:      psy_arrival_radial02, layout_basic, lexackson_kobold_supper
D:2:      layout_basic, basic_altar, st_stairs_7
D:3:      layout_basic, grunt_ministairs_4
D:4:      layout_cave_pods, serial_bayou, serial_bayou_pond_d,
          serial_bayou_shore_b, serial_bayou_pond_d, serial_bayou_pond_c
D:5:      minmay_skewed_foursquare, layout_loops_ring,
          minmay_temple_entry_butterflies, enter_ossuary_2
D:6:      layout_basic, mainiacjoe_overflow_small_starburst,
          mainiacjoe_overflow_24_doors, serial_glass, glass_columns_a,
          glass_columns_a, uniq_sigmund
Temple:   minmay_temple_curvy_branch

Skill      XL: |  1  2  3  4  5  6  7  8 |
---------------+-------------------------+-----
Ranged Weapons | 5 6 7 8 10 | 10.0
Armour         | 1 |  1.0
Fighting       | 3 4 5 6 |  6.7
Dodging        | 2 |  2.4
Stealth        | |  1.1

Action                     |  1- 3 |  4- 6 |  7- 9 || total
---------------------------+-------+-------+-------++-------
   Fire: Shortbow          |   136 |   222 |   344 ||   702
    Use: Scroll            |     2 |     4 |    10 ||    16
         Potion            |       |     3 |     1 ||     4
 Armour: Leather armour    |     8 |       |       ||     8
         Ring mail         |     7 |    90 |       ||    97
         Robe              |       |    35 |   107 ||   142
  Dodge: Dodged            |    26 |    85 |   114 ||   225

Table legend:
 A = Non-vault XP
 B = Vault XP
 C = Vault XP percentage of total XP
 D = Non-vault monster count
 E = Vault monster count
 F = Vault count percentage of total count
                 A         B        C        D         E       F
            +---------+---------+-------+---------+---------+-------
      Total |    1431 |     955 |  40.0 |     103 |      31 |  23.1
            +---------+---------+-------+---------+---------+-------
        D:1 |      51 |      13 |  20.3 |      31 |       8 |  20.5
        D:2 |      49 |      17 |  25.8 |      14 |       2 |  12.5
        D:3 |     311 |       3 |   1.0 |      24 |       2 |   7.7
        D:4 |     525 |       0 |   0.0 |      20 |       0 |   0.0
        D:5 |     373 |     190 |  33.7 |      13 |       4 |  23.5
        D:6 |     122 |       0 |   0.0 |       1 |       0 |   0.0
    Ossuary |       0 |     732 | 100.0 |       0 |      15 | 100.0
            +---------+---------+-------+---------+---------+-------
